 Dungeon Crawl Stone Soup version 0.26-a0-466-g989023bd0d (webtiles) character file.

Game seed: 6456033616876639690

663782 DarthBeliar the Slayer (level 27, -1/193 HPs)
             Began as a Gargoyle Fighter on July 27, 2020.
             Was the Champion of Okawaru.
             Killed from afar by a balrug (5 damage)
             ... with a fireball
             ... in Pandemonium on July 29, 2020.
             The game lasted 05:13:03 (65534 turns).

DarthBeliar the Slayer (Gargoyle Fighter)          Turns: 65534, Time: 05:13:04

Health: -1/193     AC: 59    Str: 27    XL:     27
Magic:  32/32      EV:  7    Int: 13    God:    Okawaru [******]
Gold:   8904       SH: 30    Dex: 13    Spells: 26/26 levels left

rFire    + + +     SeeInvis +   p - +9 demon whip (elec)
rCold    + + +     Faith    .   P - +0 tower shield
rNeg     + + .     Spirit   .   c - +2 crystal plate armour
rPois    ∞         Reflect  +   x - +0 mask of the Dragon {MR+ Slay+3 SInv}
rElec    +         Harm     .   U - scarf {rC+ rF+}
rCorr    +                      e - +2 pair of gloves {archery}
MR       ++++.                  W - +1 pair of boots of the Assorted Orbs {*Slow rC+ rCorr}
Stlth    ..........             T - amulet "Exkin" {Reflect MR+ Dex+4 Slay+2 SH+5}
HPRegen  0.42/turn              C - ring of protection from fire
MPRegen  0.23/turn              V - ring "Lomy" {rF+ rC+ rN+ Dex-2}

@: liquid flames, marked, flying, glowing, studying Maces & Flails
A: big wings, blink, blurry vision 1, mutation resistance 1, negative energy
resistance 1, screaming 1, electricity resistance, unbreathing, petrification
resistance, rot immunity, AC +20
}: 5/15 runes: decaying, serpentine, slimy, silver, demonic
a: Stop Flying, Blink, Heroism, Finesse, Renounce Religion


You were in Pandemonium.
You worshipped Okawaru.
Okawaru was exalted by your worship.
You visited 10 branches of the dungeon, and saw 50 of its levels.
You visited Pandemonium 1 time, and saw 3 of its levels.
You visited 1 bazaar.
You also visited: Bailey, Gauntlet and Ice Cave.

You collected 13255 gold pieces.
You spent 4351 gold pieces at shops.

Inventory:

Hand Weapons
 l - the +6 arbalest "Damnation" {damnation}
   (You took it off a yaktaur captain on level 5 of the Vaults)
 p - a +9 demon whip of electrocution (weapon)
Missiles
 J - 372 bolts (quivered)
Armour
 c - a +2 crystal plate armour (worn)
 e - a +2 pair of gloves of archery (worn)
 x - the +0 mask of the Dragon (worn) {MR+ Slay+3 SInv}
   (You found it on level 3 of the Lair of Beasts)

   It affects your accuracy and damage with ranged weapons and melee attacks
   (+3).
   It affects your resistance to hostile enchantments.
   It lets you see invisible.
 H - the +1 plate armour of the Cicada {rF+ Str+5}
   (You found it on level 6 of the Lair of Beasts)

   It affects your strength (+5).
   It protects you from fire.
 P - a +0 tower shield (worn)
 U - a scarf of resistance (worn)
 W - the +1 pair of boots of the Assorted Orbs (worn) {*Slow rC+ rCorr}
   (Okawaru gifted it to you on level 1 of the Vaults)

   It protects you from cold.
   It provides partial protection from all sources of acid and corrosion.
   It may slow you when you take damage.
Jewellery
 q - the ring "Geogekia" {rN++ Str+6 Int+4}
   (You acquired it on level 15 of the Dungeon)

   [ring of strength]

   It affects your strength (+6).
   It affects your intelligence (+4).
   It greatly protects you from negative energy.
 C - a ring of protection from fire (left hand)
 L - an uncursed ring of protection from cold
 M - a +4 ring of slaying
 T - the amulet "Exkin" (around neck) {Reflect MR+ Dex+4 Slay+2 SH+5}
   (You found it on level 1 of the Swamp)

   [amulet of reflection]

   It shields you and reflects attacks.
   It affects your dexterity (+4).
   It affects your accuracy and damage with ranged weapons and melee attacks
   (+2).
   It affects your resistance to hostile enchantments.
   It affects your SH (+5).
 V - the ring "Lomy" (right hand) {rF+ rC+ rN+ Dex-2}
   (You found it on level 2 of the Depths)

   [ring of protection from fire]

   It affects your dexterity (-2).
   It protects you from fire.
   It protects you from cold.
   It protects you from negative energy.
Wands
 n - a wand of disintegration (12)
 o - a wand of acid (41)
 B - a wand of digging (17)
Scrolls
 a - 2 scrolls of silence
 b - 24 scrolls of identify
 f - 39 scrolls of remove curse
 g - 7 scrolls of immolation
 j - 8 scrolls of magic mapping
 k - 25 scrolls of teleportation
 m - 5 scrolls of enchant armour
 s - 9 scrolls of fear
 t - 4 scrolls of vulnerability
 v - 8 scrolls of blinking
 D - 2 scrolls of brand weapon
 K - 5 scrolls of summoning
 N - 4 scrolls of torment
 O - 5 scrolls of fog
 Q - 6 scrolls of enchant weapon
 S - a scroll of holy word
Potions
 d - 4 potions of might
 h - 23 potions of curing
 r - 2 potions of invisibility
 u - a potion of magic
 w - 4 potions of cancellation
 z - 5 potions of berserk rage
 A - 8 potions of haste
 F - 6 potions of resistance
 G - 3 potions of heal wounds
 I - 14 potions of mutation
 R - 2 potions of ambrosia
Books
 Z - a manual of Maces & Flails
Miscellaneous
 X - 2 boxes of beasts


   Skills:
 + Level 25.5 Fighting
 + Level 21.6 Maces & Flails
 * Level 12.3 Crossbows
 + Level 24.2 Armour
 + Level 23.5 Shields
 - Level 13.0 Invocations
 - Level 7.0 Evocations


You had 26 spell levels left.
You didn't know any spells.
Your spell library contained the following spells:

 Spells                   Type           Power        Failure   Level
 Animate Skeleton         Necr           #.....       97%         1
 Beastly Appendage        Tmut           #.....       97%         1
 Corona                   Hex            #......      97%         1
 Freeze                   Ice            #...         97%         1
 Magic Dart               Conj           #...         97%         1
 Pain                     Necr           #...         97%         1
 Sandblast                Erth           #.....       97%         1
 Summon Small Mammal      Summ           #...         97%         1
 Blink                    Tloc           N/A          99%         2
 Call Imp                 Summ           #.......     99%         2
 Corpse Rot               Necr/Air       N/A          99%         2
 Ensorcelled Hibernation  Hex/Ice        #.....       99%         2
 Passwall                 Tmut/Erth      #.......     99%         2
 Poisonous Vapours        Pois/Air       #.....       99%         2
 Searing Ray              Conj           #.....       99%         2
 Slow                     Hex            #.......     99%         2
 Swiftness                Air            #.......     99%         2
 Wereblood                Tmut           #.......     99%         2
 Call Canine Familiar     Summ           #.......     100%        3
 Confusing Touch          Hex            #.......     100%        3
 Conjure Flame            Conj/Fire      #.......     100%        3
 Dazzling Flash           Conj/Hex       #.....       100%        3
 Frozen Ramparts          Ice            #.....       100%        3
 Gell's Gravitas          Tloc           #.........   100%        3
 Ignite Poison            Fire/Tmut/Pois #.......     100%        3
 Inner Flame              Hex/Fire       #.......     100%        3
 Mephitic Cloud           Conj/Pois/Air  #.......     100%        3
 Ozocubu's Armour         Ice            #.......     100%        3
 Portal Projectile        Hex/Tloc       #.....       100%        3
 Spider Form              Tmut/Pois      #.........   100%        3
 Static Discharge         Conj/Air       #.......     100%        3
 Stone Arrow              Conj/Erth      #.....       100%        3
 Summon Guardian Golem    Hex/Summ       #.......     100%        3
 Tukima's Dance           Hex            #.......     100%        3
 Vampiric Draining        Necr           #.........   100%        3
 Animate Dead             Necr           #.........   100%        4
 Cause Fear               Hex            #.........   100%        4
 Dispel Undead            Necr           #.......     100%        4
 Fulminant Prism          Conj/Hex       #.........   100%        4
 Hailstorm                Conj/Ice       #.......     100%        4
 Ice Form                 Ice/Tmut       #.......     100%        4
 Leda's Liquefaction      Hex/Erth       #.........   100%        4
 Passage of Golubria      Tloc           N/A          100%        4
 Petrify                  Tmut/Erth      #.......     100%        4
 Summon Ice Beast         Ice/Summ       #.......     100%        4
 Summon Lightning Spire   Summ/Air       #.......     100%        4
 Agony                    Necr           #.......     100%        5
 Alistair's Intoxication  Tmut/Pois      #........    100%        5
 Blade Hands              Tmut           #.........   100%        5
 Bolt of Magma            Conj/Fire/Erth #.........   100%        5
 Borgnjor's Vile Clutch   Necr/Erth      #.........   100%        5
 Excruciating Wounds      Necr           #.........   100%        5
 Irradiate                Conj/Tmut      #.........   100%        5
 Iskenderun's Battlesphe  Conj           #.......     100%        5
 Lee's Rapid Deconstruct  Erth           #.........   100%        5
 Lightning Bolt           Conj/Air       #.........   100%        5
 Metabolic Englaciation   Hex/Ice        #.........   100%        5
 Silence                  Hex/Air        #.........   100%        5
 Summon Forest            Summ/Tloc      #.........   100%        5
 Summon Mana Viper        Hex/Summ       #.......     100%        5
 Yara's Violent Unravell  Hex/Tmut       #.........   100%        5
 Conjure Ball Lightning   Conj/Air       #.........   100%        6
 Death Channel            Necr           #.........   100%        6
 Eringya's Noxious Bog    Tmut/Pois      #.........   100%        6
 Freezing Cloud           Conj/Ice/Air   #.........   100%        6
 Hydra Form               Tmut           #.........   100%        6
 Invisibility             Hex            #.......     100%        6
 Iron Shot                Conj/Erth      #.........   100%        6
 Ozocubu's Refrigeration  Ice            #.........   100%        6
 Simulacrum               Ice/Necr       #.........   100%        6
 Dragon Form              Tmut           #.........   100%        7
 Malign Gateway           Summ/Tloc      #.........   100%        7
 Orb of Destruction       Conj           #.........   100%        7
 Spellforged Servitor     Conj/Summ      #.........   100%        7
 Summon Hydra             Summ           #.........   100%        7
 Chain Lightning          Conj/Air       #.........   100%        8
 Lehudib's Crystal Spear  Conj/Erth      #.........   100%        8
 Absolute Zero            Ice            #.........   100%        9
 Dragon's Call            Summ           #.........   100%        9
 Fire Storm               Conj/Fire      #.........   100%        9
 Shatter                  Erth           #.........   100%        9
 Tornado                  Air            #.........   100%        9
 Sublimation of Blood     Necr           Unusable     N/A         2
 Statue Form              Tmut/Erth      Unusable     N/A         6

Dungeon Overview and Level Annotations

Branches:
Dungeon (15/15)            Temple (1/1) D:6            Lair (6/6) D:9
  Swamp (4/4) Lair:4        Snake (4/4) Lair:2        Slime (5/5) Lair:6
    Orc (2/2) D:10            Elf (3/3) Orc:2        Vaults (5/5) D:14
  Crypt (0/3) Vaults:3     Depths (5/5) D:15            Zot (0/5) Depths:5
 Bailey (visited)           IceCv (visited)         Gauntlet (visited)

Altars:
Ashenzari
Cheibriados
Dithmenos
Elyvilon
Fedhas
Gozag
Hepliaklqana
Kikubaaqudgha
Makhleb
Nemelex Xobeh
Okawaru
Qazlal
Ru
Sif Muna
Trog
Uskayaw
Vehumet
Wu Jian
Xom
Yredelemnul
Zin
The Shining One
Beogh

Shops:
D:4 (   D:11 !   D:12 !   Orc:2 ([   Snake:3 *   Snake:4 }}=   Vaults:4 (

Portals:
Hell: Depths:1 Depths:2 Depths:3 Depths:4 Depths:5
Abyss: Depths:3 Depths:4
Pandemonium: Depths:3 Depths:4 Depths:5
Ziggurat: Depths:4

Annotations:
D:5 1 runed translucent door, exclusion: door, kelmiir's ghost, novice GnWn
Swamp:3 Lernaean hydra
Depths:4 exclusion: daeva


Innate Abilities, Weirdness & Mutations

You are resistant to torment.
Your stone body is resilient. (AC +20)
You are immune to poison.
Your large and strong wings let you fly indefinitely.
You resist negative energy. (rN+)
You are resistant to electric shocks. (rElec)
You can survive without breathing.
You are immune to petrification.
You are immune to rotting.
You can translocate small distances at will.
Scrolls take you a little longer to read.
You are somewhat resistant to further mutation.
You occasionally shout uncontrollably at your foes.


Message History

The fireball explodes!
The fireball engulfs the sun demon.
The sun demon completely resists.
The fireball engulfs the balrug.
The balrug completely resists.
The fireball engulfs the balrug.
The balrug completely resists.
The fireball engulfs the balrug.
The balrug completely resists.
The fireball engulfs the sun demon.
The sun demon completely resists.
The fireball engulfs you. You resist.
* * * LOW HITPOINT WARNING * * *
The balrug gestures at you. The bolt of fire hits you. You resist.
* * * LOW HITPOINT WARNING * * *
You block the sun demon's attack. The balrug gestures at you.
The bolt of fire hits the balrug.
The balrug completely resists.
The bolt of fire hits the sun demon.
The sun demon completely resists.
The bolt of fire misses you.
You are covered in liquid flames!
You block the infernal demonspawn's attack.
The balrug gestures at you.
The fireball explodes!
The fireball engulfs you. You resist.
You die...

≈≈≈≈....).###≈≈.
.≈22≈.....≈≈≈≈...
.3≈≈≈≈...≈≈≈≈...#
..≈3≈≈...≈≈≈≈....
...≈≈2≈2≈≈≈≈....#
....≈≈≈3≈≈≈.....6
.....2323......##
#........6....##
#.#.#.2@..#.#.#
...............
#######+#######


You could see 7 balrugs, 5 sun demons and an infernal demonspawn.

Vanquished Creatures
  Cerebov (Pan)
  the Royal Jelly (Slime:5)
  An ancient lich (Depths:5)
  Mara (Depths:1)
  A juggernaut (Depths:4)
  The ghost of Fylyssy the Bewitcher, a master KoEn of Dithmenos (Depths:5)
  A pandemonium lord (Pan)
  6 caustic shrikes (Depths:5)
  3 golden dragons
  A bone dragon (Depths:4)
  A Brimstone Fiend (Pan)
  3 liches
  4 tentacled monstrosities
  An Ice Fiend (IceCv)
  2 quicksilver dragons
  The ghost of loom the Shatterer, an adept TrBe of Trog (Swamp:4)
  7 titans
  2 deep elf blademasters (Elf:3)
  2 deep elf master archers (Elf:3)
  The ghost of Miduin the Bludgeoner, an adept TeSu of Okawaru (Vaults:4)
  30 acid blobs
  Frances (Snake:1)
  A sphinx (shapeshifter) (Depths:2)
  5 sphinxes
  3 thorn hunters
  Gastronok (D:8)
  Kirke (Lair:5)
  3 storm dragons
  7 shadow dragons
  A storm dragon (shapeshifter) (Vaults:5)
  5 tengu reavers
  A revenant (Vaults:3)
  22 azure jellies
  10 nagarajas
  10 frost giants
  11 fire giants
  Aizul (Snake:1)
  A draconian scorcher (Depths:5)
  6 deep elf sorcerers
  A balrug (Pan)
  3 cacodemons
  2 iron dragons (Depths:5)
  3 deep elf elementalists
  20 vault wardens
  A curse skull (Vaults:3)
  A spectral juggernaut (Depths:5)
  A draconian shifter (Depths:5)
  An orc warlord (Orc:1)
  A juggernaut zombie (Depths:4)
  2 spriggan defenders (Depths:5)
  7 war gargoyles
  Louise (Snake:1)
  An emperor scorpion (D:15)
  A reaper (Pan)
  A draconian stormcaller (Depths:5)
  A juggernaut skeleton (Depths:4)
  An entropy weaver (Vaults:1)
  18 ironheart preservers
  43 very ugly things
  17 stone giants
  A caustic shrike skeleton (Depths:4)
  2 purple draconians (Depths:5)
  Nessos (Lair:6)
  12 deep elf demonologists
  8 vampire knights
  A yellow draconian (Depths:5)
  A spectral titan (Depths:5)
  A black draconian (Depths:5)
  A black sun (Pan)
  A white draconian (Depths:5)
  3 lorocyprocas
  7 deep elf annihilators
  A minotaur (Gauntlet)
  A red draconian (Depths:5)
  A spark wasp (shapeshifter) (Vaults:5)
  2 blizzard demons (Depths:2)
  9 spark wasps (Depths:4)
  11 crystal guardians (Depths:2)
  10 deep elf death magi
  4 jiangshi
  10 ettins
  2 green deaths (Pan)
  15 fire dragons
  18 yaktaur captains
  4 deep elf high priests
  Josephine (Lair:6)
  19 death oozes
  11 ogre magi
  7 rakshasas
  A quicksilver dragon zombie (Depths:5)
  34 vault guards
  A quicksilver dragon skeleton (Depths:4)
  2 monstrous demonspawn
  10 ice dragons
  25 hydras
  8 great orbs of eyes
  An anaconda (shapeshifter) (Depths:5)
  11 naga warriors
  10 anacondas
  A ghost crab (Swamp:4)
  4 spriggan air magi
  4 spectral stone giants (Depths:5)
  2 juggernaut simulacra (Depths:5)
  9 centaur warriors
  3 shambling mangroves
  4 death knights
  3 queen ants (shapeshifter)
  32 two-headed ogres
  3 deep troll shamans
  2 catoblepae
  A satyr (shapeshifter) (Depths:2)
  13 alligators
  5 tengu warriors
  37 dancing weapons
  6 death yaks (Lair:4)
  3 vampire magi
  2 titan zombies
  9 naga sharpshooters
  2 deep troll earth magi
  6 spriggan berserkers
  7 shock serpents
  22 hell knights
  34 deep elf knights
  Nergalle (Lair:3)
  2 sun demons
  A sixfirhy (Pan)
  An iron troll (Depths:4)
  4 shadow wraiths
  14 skeletal warriors
  A titan skeleton (Depths:4)
  3 salamander mystics
  20 deep trolls
  2 sea snakes (Snake:1)
  A storm dragon skeleton (Depths:4)
  2 deep trolls (shapeshifter) (Depths:2)
  2 golden dragon zombies (Depths:4)
  6 unseen horrors
  A death drake (shapeshifter) (Depths:2)
  A gelid demonspawn (Depths:3)
  4 flayed ghosts
  3 spriggan druids
  A torturous demonspawn (Depths:4)
  9 naga ritualists
  An orange crystal statue (Gauntlet)
  22 deep elf archers
  7 glowing orange brains
  2 shadow dragon zombies (Depths:4)
  4 obsidian statues (Depths:2)
  13 mana vipers
  2 infernal demonspawn
  6 wizards
  3 phantasmal warriors
  A wolf spider zombie (D:12)
  13 ironbrand convokers
  A golden dragon skeleton (Depths:4)
  9 swamp dragons
  2 tengu zombies
  An iron dragon zombie (Depths:4)
  A stone giant zombie (Vaults:2)
  A tengu skeleton (Depths:4)
  A cyclops (shapeshifter) (Depths:2)
  2 sphinx zombies
  14 necromancers
  26 orc knights
  2 manticores
  4 orc sorcerers
  A sphinx skeleton (Depths:4)
  3 wolf spiders
  11 salamanders
  A salamander (shapeshifter) (Elf:1)
  11 cyclopes
  9 shining eyes
  59 ugly things
  75 deep elf magi
  A mana viper (shapeshifter) (Vaults:2)
  7 elephants
  A shining eye (shapeshifter) (Depths:2)
  2 frost giant skeletons (Vaults:2)
  A manticore (shapeshifter) (Depths:2)
  5 guardian serpents
  3 rust devils
  2 molten gargoyles (Depths:2)
  A black mamba (shapeshifter) (Elf:1)
  A spriggan zombie (Depths:5)
  A guardian serpent (shapeshifter) (Depths:1)
  38 black mambas
  6 gargoyles
  A stone giant skeleton (Vaults:2)
  3 orange demons (Pan)
  21 naga magi
  12 vault sentinels
  An ice statue (IceCv)
  2 titan simulacra (Depths:5)
  6 smoke demons
  A spriggan skeleton (Depths:4)
  5 eyes of devastation
  2 rime drakes
  A cane toad (shapeshifter) (Depths:3)
  67 yaktaurs
  16 cane toads
  3 yaktaurs (shapeshifter)
  A komodo dragon (shapeshifter) (Vaults:4)
  5 komodo dragons
  16 freezing wraiths
  A torpor snail (shapeshifter) (Vaults:5)
  A human zombie (Vaults:2)
  2 hellwings
  5 anaconda simulacra (IceCv)
  9 ice devils
  A jumping spider (shapeshifter) (D:15)
  A meliai (shapeshifter) (D:15)
  Grinder (D:4)
  2 wind drakes (Depths:2)
  A polar bear (shapeshifter) (D:14)
  A wolf spider simulacrum (IceCv)
  8 polar bears
  A merfolk (shapeshifter) (Vaults:5)
  A merfolk (D:15)
  8 tengu conjurers
  A sphinx simulacrum (Vaults:3)
  2 trolls (D:11)
  12 tyrant leeches
  22 hornets
  A large abomination (Pan)
  A slime creature (shapeshifter) (Depths:2)
  135 slime creatures
  A stone giant simulacrum (Depths:5)
  14 bog bodies
  2 dream sheep (Lair:6)
  10 hippogriffs
  5 blink frogs (Lair:1)
  2 blink frogs (shapeshifter)
  A raiju (shapeshifter) (Vaults:3)
  3 redbacks (Vaults:1)
  A tarantella (shapeshifter) (Depths:2)
  51 yaks
  8 water elementals
  A redback (shapeshifter) (Vaults:5)
  8 air elementals
  8 wraiths
  Sigmund (D:2)
  25 spriggans
  A human (shapeshifter) (Vaults:1)
  2 wyverns (shapeshifter)
  5 shadows
  4 dire elephant simulacra (IceCv)
  A tarantella (Vaults:1)
  A wyvern (D:12)
  A neqoxec (Pan)
  A vampire (D:11)
  2 elf zombies (Depths:4)
  12 golden eyes (Slime:3)
  2 basilisks
  A yaktaur simulacrum (Vaults:4)
  12 fire elementals
  A golden eye (shapeshifter) (Vaults:1)
  A hog (shapeshifter) (Vaults:4)
  A hog (Lair:5)
  A steam dragon (D:8)
  A death yak simulacrum (IceCv)
  23 vampire mosquitoes
  54 nagas
  13 insubstantial wisps
  3 harpy simulacra (IceCv)
  13 wargs
  A soldier ant (shapeshifter) (Depths:2)
  20 swamp worms
  An iron troll simulacrum (IceCv)
  12 water moccasins
  A hydra simulacrum (IceCv)
  A floating eye (Depths:4)
  19 swamp drakes
  14 porcupines
  2 sky beasts
  2 alligator simulacra (IceCv)
  12 eyes of draining
  Duvessa (D:4)
  8 black bears
  An ice beast (shapeshifter) (Vaults:3)
  6 ice beasts
  64 orc warriors
  2 phantoms
  An eye of draining (shapeshifter) (Depths:1)
  A necrophage (D:12)
  36 ogres
  A tengu (shapeshifter) (D:13)
  2 ettin simulacra
  5 boggarts
  26 wolves
  13 centaurs
  An orc skeleton (Vaults:2)
  2 human skeletons (Vaults:2)
  17 crocodiles
  A crocodile (shapeshifter) (Elf:1)
  3 big kobolds
  20 bullfrogs
  A wyvern zombie (D:12)
  A deep troll simulacrum (Vaults:2)
  14 earth elementals
  Dowan (D:4)
  4 wyvern skeletons
  5 scorpions
  8 killer bees
  An elephant simulacrum (IceCv)
  An orc simulacrum (Vaults:1)
  An elf simulacrum (Vaults:2)
  11 wights
  4 howler monkeys
  2 draconian simulacra (IceCv)
  5 human simulacra
  A bullfrog zombie (D:8)
  4 quasits
  5 centaur zombies
  Crazy Yiuf (D:3)
  4 hounds
  8 jellies
  20 orc priests
  30 orc wizards
  5 centaur skeletons
  2 iron imps (Depths:4)
  4 iguanas
  Natasha (thrice) (D:3)
  2 troll simulacra (IceCv)
  4 worker ants
  A spriggan simulacrum (IceCv)
  3 centaur simulacra (IceCv)
  A howler monkey zombie (D:7)
  14 adders
  2 howler monkey skeletons (D:6)
  An ogre simulacrum (IceCv)
  2 shadow imps
  11 white imps
  7 ufetubi
  An ooze (D:1)
  2 adder skeletons
  3 worms
  A dart slug (D:1)
  2 leopard geckos
  137 orcs
  2 ball pythons
  8 bats
  6 giant cockroaches
  14 goblins
  9 hobgoblins
  8 jackals
  4 quokkas
  A ball python (shapeshifter) (Depths:2)
  9 frilled lizards
  42 kobolds
  A leopard gecko skeleton (D:8)
  A quokka skeleton (D:9)
  5 rats
  A briar patch (Swamp:2)
  4 crawling corpses (Elf:3)
2654 creatures vanquished.

Vanquished Creatures (others)
  A very ugly thing (Depths:2)
  A yaktaur captain (Vaults:4)
  A deep elf knight (Elf:2)
  A deep troll (shapeshifter) (Depths:2)
  A necromancer (Depths:3)
  2 deep elf magi
  A molten gargoyle (Depths:2)
  A bog body (Swamp:4)
  A shadow (Swamp:1)
  4 water elementals (Depths:2)
  A steam dragon (D:13)
  2 golden eyes (Slime:3)
  2 insubstantial wisps (Depths:2)
  An orc warrior (Vaults:5)
  A boggart (Depths:4)
  A scorpion (D:13)
  An orc wizard (Vaults:5)
  11 ball lightnings (Depths:2)
  21 fungi
  3 plants
58 creatures vanquished.

Grand Total: 2712 creatures vanquished

Notes
Turn   | Place    | Note
-------+----------+-------------------------------------------
     0 | D:1      | DarthBeliar the Gargoyle Fighter began the quest for the
                  | Orb.
     0 | D:1      | Reached XP level 1. HP: 14/14 MP: 1/1
    98 | D:1      | Reached XP level 2. HP: 19/19 MP: 2/2
   448 | D:1      | Reached XP level 3. HP: 22/23 MP: 3/3
   911 | D:2      | Reached XP level 4. HP: 29/29 MP: 4/4
   930 | D:2      | Noticed Sigmund
   972 | D:2      | Killed Sigmund
   972 | D:2      | Reached skill level 4 in Fighting
   972 | D:2      | Reached XP level 5. HP: 23/34 MP: 5/5
  1139 | D:2      | Found a faded altar of an unknown god.
  1272 | D:2      | Reached XP level 6. HP: 39/39 MP: 6/6
  1474 | D:3      | Noticed Natasha
  1484 | D:3      | Killed Natasha
  1571 | D:3      | Found a runed translucent door.
  1572 | D:3      | Noticed Crazy Yiuf
  1582 | D:3      | Killed Crazy Yiuf
  1746 | D:3      | Noticed Natasha
  1751 | D:3      | Killed Natasha
  2288 | D:3      | Noticed Natasha
  2297 | D:3      | Killed Natasha
  2297 | D:3      | Reached skill level 5 in Fighting
  2297 | D:3      | Reached skill level 5 in Armour
  2297 | D:3      | Reached skill level 5 in Shields
  2808 | D:4      | Noticed Grinder
  2816 | D:4      | Paralysed by Grinder for 4 turns
  2827 | D:4      | Paralysed by Grinder for 5 turns
  2839 | D:4      | Paralysed by Grinder for 2 turns
  2843 | D:4      | Killed Grinder
  2843 | D:4      | Reached XP level 7. HP: 30/44 MP: 7/7
  3171 | D:4      | Noticed Duvessa
  3171 | D:4      | Noticed Dowan
  3191 | D:4      | Killed Duvessa
  3199 | D:4      | Killed Dowan
  3372 | D:4      | Reached XP level 8. HP: 44/51 MP: 8/8
  3374 | D:4      | Got a pitted leather armour
  3385 | D:4      | Identified the +4 leather armour of Feiluq {*Contam rElec
                  | rPois Stlth+} (You found it on level 4 of the Dungeon)
  3402 | D:4      | Gained mutation: Scrolls take you a little longer to read.
                  | [mutagenic glow]
  3423 | D:4      | Found Cotwaij's Weapon Emporium.
  3661 | D:5      | Entered Level 5 of the Dungeon
  3784 | D:5      | Identified 2 scrolls of acquirement
  3784 | D:5      | Acquired 1730 gold pieces
  4133 | D:5      | Found a shimmering blue altar of Sif Muna.
  4182 | D:5      | Found an ornate altar of the Wu Jian Council.
  4223 | D:5      | Found a runed translucent door.
  4224 | D:5      | Noticed kelmiir's ghost (novice GnWn)
  4457 | D:5      | Found a burning altar of Makhleb.
  4467 | D:5      | Acquired 2080 gold pieces
  4554 | D:6      | Reached skill level 6 in Fighting
  4575 | D:6      | Reached skill level 5 in Maces & Flails
  5012 | D:6      | You fall into a shaft and drop 2 floors!
  5014 | D:8      | Found a basalt altar of Yredelemnul.
  5041 | D:8      | Noticed Gastronok
  5243 | D:7      | Noticed a hippogriff
  5271 | D:7      | Killed a hippogriff
  5271 | D:7      | Reached XP level 9. HP: 54/56 MP: 9/9
  5310 | D:7      | Reached skill level 7 in Fighting
  5836 | D:6      | Found a staircase to the Ecumenical Temple.
  5883 | Temple   | Entered the Ecumenical Temple
  5938 | Temple   | Became a worshipper of Warmaster Okawaru
  6181 | D:7      | Acquired a +4 demon whip of electrocution
  6211 | D:7      | Found a shattered altar of Ashenzari.
  6654 | D:8      | Reached skill level 1 in Invocations
  6976 | D:8      | Reached * piety under Okawaru
  6989 | D:8      | Killed Gastronok
  6989 | D:8      | Reached skill level 8 in Fighting
  6989 | D:8      | Reached XP level 10. HP: 58/65 MP: 10/12
  7069 | D:8      | Found a radiant altar of Vehumet.
  7157 | D:8      | Found a sparkling altar of Nemelex Xobeh.
  7245 | D:8      | Found a sparkling altar of Nemelex Xobeh.
  7413 | D:8      | Found a white marble altar of Elyvilon.
  7830 | D:8      | Reached ** piety under Okawaru
  7968 | D:9      | Noticed a two-headed ogre
  7987 | D:8      | Reached skill level 9 in Fighting
  8025 | D:8      | Killed a two-headed ogre
  8025 | D:8      | Reached *** piety under Okawaru
  8025 | D:8      | Reached skill level 5 in Invocations
  8081 | D:9      | Reached XP level 11. HP: 71/71 MP: 14/14
  8197 | D:9      | Noticed a centaur warrior
  8211 | D:9      | Killed a centaur warrior
  8455 | D:9      | Found a staircase to the Lair.
  8625 | D:10     | Entered Level 10 of the Dungeon
  8647 | D:10     | Reached skill level 10 in Maces & Flails
  8666 | D:10     | Found a staircase to the Orcish Mines.
  8677 | D:10     | Reached **** piety under Okawaru
  8962 | D:10     | Noticed an unseen horror
  8963 | D:10     | Noticed a two-headed ogre
  8982 | D:10     | Killed a two-headed ogre
  8989 | D:10     | Killed an unseen horror
  9455 | Lair:1   | Entered Level 1 of the Lair of Beasts
  9481 | Lair:1   | Reached ***** piety under Okawaru
  9485 | Lair:1   | Reached skill level 10 in Armour
  9493 | Lair:1   | Reached skill level 10 in Fighting
  9635 | Lair:1   | Received a gift from Okawaru
  9998 | Lair:1   | Reached XP level 12. HP: 76/77 MP: 17/17
 10550 | Lair:2   | Got a brightly glowing morningstar
 10563 | Lair:2   | Identified the +7 morningstar "Lorem Ipsum" {pain, MR-
                  | Dex+3 Stlth+} (You found it on level 2 of the Lair of
                  | Beasts)
 10647 | Lair:2   | Found a staircase to the Snake Pit.
 10736 | Lair:2   | Noticed a six-headed hydra
 10744 | Lair:2   | Killed a six-headed hydra
 11376 | Lair:3   | Noticed Nergalle
 11389 | Lair:3   | Killed Nergalle
 11395 | Lair:3   | Found the +0 mask of the Dragon {MR+ Slay+3 SInv}
 11515 | Lair:3   | Reached skill level 11 in Fighting
 11556 | Lair:3   | Noticed a six-headed hydra
 11566 | Lair:3   | Killed a six-headed hydra
 11596 | Lair:3   | Received a gift from Okawaru
 11903 | Lair:3   | Noticed a five-headed hydra
 11911 | Lair:3   | Killed a five-headed hydra
 12356 | Lair:4   | Reached XP level 13. HP: 82/84 MP: 19/19
 12581 | Lair:4   | Found a staircase to the Swamp.
 12925 | Lair:4   | Reached skill level 12 in Fighting
 12952 | Lair:4   | Reached ****** piety under Okawaru
 13484 | Lair:5   | Reached skill level 10 in Invocations
 13520 | Lair:4   | Received a gift from Okawaru
 13665 | Lair:5   | Noticed Kirke
 13696 | Lair:5   | Killed Kirke
 13884 | Lair:5   | Got a smoking chain mail
 13895 | Lair:5   | Identified the +8 chain mail "Cura" {-Tele rPois rN+++
                  | Stlth-} (You found it on level 5 of the Lair of Beasts)
 14299 | Lair:6   | Entered Level 6 of the Lair of Beasts
 14477 | Lair:6   | Reached skill level 13 in Fighting
 14512 | Lair:6   | Found a staircase to the Slime Pits.
 14539 | Lair:6   | Received a gift from Okawaru
 14749 | Lair:6   | Gained mutation: Your large and strong wings let you fly
                  | indefinitely. [Gargoyle growth]
 14749 | Lair:6   | Reached XP level 14. HP: 92/94 MP: 22/22
 14781 | Lair:6   | Noticed Josephine
 14793 | Lair:6   | Killed Josephine
 14856 | Lair:6   | Noticed Nessos
 14864 | Lair:6   | Killed Nessos
 15328 | Lair:6   | Got a jewelled plate armour
 15339 | Lair:6   | Identified the cursed +1 plate armour of the Cicada {rF+
                  | Str+5} (You found it on level 6 of the Lair of Beasts)
 16195 | D:11     | Found Ziyjuk's Distillery.
 16204 | D:11     | Bought a potion of mutation for 88 gold pieces
 16204 | D:11     | Bought a potion of curing for 33 gold pieces
 16204 | D:11     | Bought a potion of haste for 110 gold pieces
 16204 | D:11     | Bought a potion of curing for 33 gold pieces
 16204 | D:11     | Bought a potion of invisibility for 88 gold pieces
 16204 | D:11     | Bought a potion of curing for 33 gold pieces
 16204 | D:11     | Bought 2 potions of resistance for 220 gold pieces
 16204 | D:11     | Bought a potion of haste for 110 gold pieces
 16415 | D:11     | Reached skill level 14 in Fighting
 17048 | D:12     | Received a gift from Okawaru
 17150 | D:12     | Found a gate leading to a gauntlet.
 17162 | D:12     | Found Biyptu's Distillery.
 17171 | Gauntlet | Entered a Gauntlet
 17171 | Gauntlet | Found a transporter.
 17174 | Gauntlet | Found a transporter.
 17174 | Gauntlet | Found a runed translucent door.
 17176 | Gauntlet | Found a transporter.
 17179 | Gauntlet | Found a transporter.
 17180 | Gauntlet | Found a transporter.
 17182 | Gauntlet | Found a transporter.
 17194 | Gauntlet | Found a transporter.
 17264 | Gauntlet | Got a warped wooden ring
 17267 | Gauntlet | Identified the ring of Etzasoif {Int+5 Stlth+} (You found
                  | it in a Gauntlet)
 17470 | Gauntlet | Got a vibrating lapis lazuli ring
 17722 | D:12     | Received a gift from Okawaru
 17722 | D:12     | Reached XP level 15. HP: 101/101 MP: 24/24
 18469 | D:12     | Upgraded the game from 0.26-a0-450-ge645bd13c1 to
                  | 0.26-a0-451-gacbe401039
 18541 | Orc:1    | Entered Level 1 of the Orcish Mines
 18545 | Orc:1    | Identified the ring "Kitt" {Ice MP+9 Str+2 Int+3} (You
                  | found it in a Gauntlet)
 18596 | Orc:1    | Reached skill level 1 in Evocations
 18661 | Orc:1    | Received a gift from Okawaru
 18662 | Orc:1    | Got a brightly glowing buckler {god gift}
 18723 | Orc:1    | Found a flagged portal.
 18749 | Bailey   | Entered a bailey
 19289 | Orc:2    | Entered Level 2 of the Orcish Mines
 19318 | Orc:2    | Reached skill level 15 in Fighting
 19318 | Orc:2    | Reached skill level 15 in Armour
 19383 | Orc:2    | Noticed an orc warlord
 19482 | Orc:1    | Killed an orc warlord
 19846 | Orc:2    | Found Acsuhef's Armour Shop.
 19869 | Orc:2    | Found Qehisibrem's Armour Shoppe.
 19976 | Orc:2    | Found a roughly hewn altar of Beogh.
 20128 | Orc:2    | Found a staircase to the Elven Halls.
 20158 | Orc:2    | Found Loriwe's Antique Weapon Shop.
 20220 | Orc:2    | Found Dicodu's Magic Scroll Shoppe.
 20250 | Orc:2    | Bought a scroll of identify for 24 gold pieces
 20250 | Orc:2    | Bought a scroll of fear for 42 gold pieces
 20250 | Orc:2    | Bought a scroll of teleportation for 36 gold pieces
 20250 | Orc:2    | Bought a scroll of identify for 24 gold pieces
 20250 | Orc:2    | Bought a scroll of enchant weapon for 90 gold pieces
 20250 | Orc:2    | Bought a scroll of identify for 24 gold pieces
 20250 | Orc:2    | Bought a scroll of remove curse for 36 gold pieces
 20250 | Orc:2    | Bought a scroll of teleportation for 36 gold pieces
 20250 | Orc:2    | Bought a scroll of remove curse for 36 gold pieces
 20250 | Orc:2    | Bought a scroll of identify for 24 gold pieces
 20250 | Orc:2    | Bought a scroll of torment for 90 gold pieces
 20250 | Orc:2    | Bought a scroll of fog for 24 gold pieces
 20255 | Orc:2    | Identified the +0 buckler "Jaeqomos" {Harm rElec} (Okawaru
                  | gifted it to you on level 1 of the Orcish Mines)
 20735 | D:13     | Found a flickering gateway to a bazaar.
 20745 | Bazaar   | Entered a bazaar
 20779 | Bazaar   | Found Biew's Magic Scroll Emporium.
 20787 | Bazaar   | Bought a scroll of summoning for 142 gold pieces
 20787 | Bazaar   | Bought a scroll of remove curse for 45 gold pieces
 20787 | Bazaar   | Bought a scroll of identify for 30 gold pieces
 20787 | Bazaar   | Bought 2 scrolls of remove curse for 90 gold pieces
 20787 | Bazaar   | Bought a scroll of immolation for 52 gold pieces
 20787 | Bazaar   | Bought a scroll of identify for 30 gold pieces
 20787 | Bazaar   | Bought a scroll of remove curse for 45 gold pieces
 20787 | Bazaar   | Bought a scroll of remove curse for 45 gold pieces
 20787 | Bazaar   | Bought a scroll of identify for 30 gold pieces
 20787 | Bazaar   | Found Tucs's Book Boutique.
 20828 | Bazaar   | Found Awne's Antique Weapon Shoppe.
 20836 | Bazaar   | Found Nukity's Jewellery Shop.
 20844 | Bazaar   | Bought the amulet "Iduerph" {Reflect rElec MR+ SH+5 Stlth-}
                  | for 674 gold pieces
 20844 | Bazaar   | Bought a +4 ring of slaying for 1092 gold pieces
 21038 | D:13     | Reached skill level 5 in Evocations
 21130 | D:13     | Received a gift from Okawaru
 21505 | D:14     | Received a gift from Okawaru
 21552 | D:14     | Reached XP level 16. HP: 102/110 MP: 25/25
 21802 | D:14     | Reached skill level 16 in Fighting
 22055 | D:14     | Found a gate to the Vaults.
 22151 | D:15     | Entered Level 15 of the Dungeon
 22251 | D:15     | Got a masterwork chain mail
 22254 | D:15     | Identified the cursed +0 chain mail "Meunwil" {Int+5} (You
                  | found it on level 15 of the Dungeon)
 23096 | D:15     | Found a staircase to the Depths.
 23198 | D:15     | Acquired the ring "Geogekia" {rN++ Str+6 Int+4}
 23393 | Snake:1  | Entered Level 1 of the Snake Pit
 23463 | Snake:1  | Noticed Louise
 23471 | Snake:1  | Killed Louise
 23542 | Snake:1  | Noticed Aizul
 23555 | Snake:1  | Killed Aizul
 23723 | Snake:1  | Noticed Frances
 23730 | Snake:1  | Killed Frances
 23730 | Snake:1  | Received a gift from Okawaru
 24665 | Snake:1  | Reached XP level 17. HP: 114/116 MP: 21/26
 24720 | Snake:1  | Reached skill level 10 in Shields
 24826 | Snake:1  | Reached skill level 17 in Fighting
 25326 | Snake:2  | Received a gift from Okawaru
 25632 | Snake:2  | Received a gift from Okawaru
 26535 | Snake:3  | Found Maole's Assorted Antiques.
 26556 | Snake:3  | Bought a potion of heal wounds for 165 gold pieces
 26556 | Snake:3  | Bought 3 scrolls of magic mapping for 346 gold pieces
 26886 | Snake:4  | Entered Level 4 of the Snake Pit
 27565 | Snake:4  | Received a gift from Okawaru
 27568 | Snake:4  | Reached XP level 18. HP: 117/124 MP: 27/27
 27597 | Snake:4  | Found Vica Puf's Gadget Emporium.
 27599 | Snake:4  | Found Olaon's Jewellery Boutique.
 27600 | Snake:4  | Found Rastixt's Gadget Emporium.
 27609 | Snake:4  | Bought a wand of acid (9) for 364 gold pieces
 28311 | Snake:4  | Got a serpentine rune of Zot
 28588 | Swamp:1  | Entered Level 1 of the Swamp
 28672 | Swamp:1  | Found a transporter.
 28779 | Swamp:1  | Found a frozen archway.
 28792 | IceCv    | Entered an ice cave
 28829 | IceCv    | Found the +5 robe of Misfortune {*Contam Harm *Corrode
                  | *Drain *Slow EV+5}
 29138 | IceCv    | Noticed an Ice Fiend
 29180 | IceCv    | Killed an Ice Fiend
 29937 | Swamp:1  | Found a transporter.
 29941 | Swamp:1  | Reached skill level 18 in Fighting
 30283 | Swamp:1  | Received a gift from Okawaru
 30633 | Swamp:1  | Got a bound golden amulet
 30638 | Swamp:1  | Identified the amulet "Exkin" {Reflect MR+ Dex+4 Slay+2
                  | SH+5} (You found it on level 1 of the Swamp)
 30669 | Swamp:1  | Got a twitching tin ring
 30692 | Swamp:1  | Identified the cursed ring "Neuzudd" {rN+ MR++ Dex-4
                  | Slay-4} (You found it on level 1 of the Swamp)
 31156 | Swamp:2  | Received a gift from Okawaru
 31811 | Swamp:3  | Reached XP level 19. HP: 58/130 MP: 28/28
 32504 | Swamp:4  | Entered Level 4 of the Swamp
 32622 | Swamp:3  | Reached skill level 15 in Shields
 32811 | Swamp:4  | Received a gift from Okawaru
 32837 | Swamp:4  | Got an ancient helmet {god gift}
 33574 | Swamp:4  | Found a runed translucent gate.
 33574 | Swamp:4  | Found a runed translucent gate.
 33574 | Swamp:4  | Found a runed translucent gate.
 33577 | Swamp:4  | Noticed loom's ghost (adept TrBe)
 33595 | Swamp:4  | Killed loom's ghost
 33736 | Swamp:4  | Got a decaying rune of Zot
 33742 | Swamp:4  | Noticed the 27-headed Lernaean hydra
 34056 | Vaults:1 | Entered Level 1 of the Vaults
 34202 | Vaults:1 | Received a gift from Okawaru
 34222 | Vaults:1 | Got a pair of steaming boots {god gift}
 34248 | Vaults:1 | Identified the +2 helmet of the Sturgeon {-Tele MR+ Regen+
                  | Dex+4} (Okawaru gifted it to you on level 4 of the Swamp)
 34282 | Vaults:1 | Identified the +1 pair of boots of the Assorted Orbs {*Slow
                  | rC+ rCorr} (Okawaru gifted it to you on level 1 of the
                  | Vaults)
 35160 | Vaults:1 | Reached XP level 20. HP: 137/137 MP: 29/29
 35356 | Vaults:1 | Reached skill level 19 in Fighting
 36040 | Vaults:2 | Received a gift from Okawaru
 36825 | Vaults:2 | Got a scorched arbalest
 36829 | Vaults:2 | Identified the +10 arbalest of Disembowelment {venom,
                  | *Corrode Dex+6} (You found it on level 2 of the Vaults)
 37224 | Vaults:2 | Received a gift from Okawaru
 37578 | Vaults:2 | Reached skill level 15 in Maces & Flails
 37588 | Vaults:2 | Reached XP level 21. HP: 144/144 MP: 28/30
 37691 | Vaults:2 | Upgraded the game from 0.26-a0-451-gacbe401039 to
                  | 0.26-a0-466-g989023bd0d
 37718 | Vaults:3 | Received a gift from Okawaru
 38125 | Vaults:3 | Found a staircase to the Crypt.
 38258 | Vaults:3 | Received a gift from Okawaru
 39151 | Vaults:4 | Reached skill level 20 in Fighting
 39821 | Vaults:4 | Found a shimmering altar of Xom.
 39822 | Vaults:4 | Found a runed translucent door.
 39822 | Vaults:4 | Noticed Miduin's ghost (adept TeSu)
 39836 | Vaults:4 | Killed Miduin's ghost
 39924 | Vaults:4 | Reached XP level 22. HP: 135/152 MP: 28/31
 40078 | Vaults:4 | Found Deogempi's Weapon Shop.
 40331 | Depths:1 | Entered Level 1 of the Depths
 40334 | Depths:1 | Noticed Mara
 40343 | Depths:1 | Noticed DarthBeliar's illusion
 40347 | Depths:1 | Noticed DarthBeliar's illusion
 40356 | Depths:1 | Killed Mara
 40356 | Depths:1 | Received a gift from Okawaru
 40609 | Depths:1 | Found a gateway to Hell.
 41096 | Depths:1 | Received a gift from Okawaru
 41358 | Depths:1 | Found Rogareg's Assorted Antiques.
 41414 | Depths:1 | Found a radiant altar of Vehumet.
 41436 | Depths:1 | Identified the +2 robe of Spring Thaw {rPois rF- rC+ Str+2}
 42442 | Depths:2 | Gained mutation: Armour fits poorly on your strangely
                  | shaped body. [a shining eye]
 42585 | Depths:2 | Received a gift from Okawaru
 43144 | Depths:2 | Got a faintly humming tower shield {god gift}
 43147 | Depths:2 | Identified the -8 tower shield of Okawaru's Fury {Str+8
                  | Dex-3} (Okawaru gifted it to you on level 2 of the Depths)
 43164 | Depths:2 | Reached XP level 23. HP: 159/159 MP: 19/32
 43331 | Depths:2 | Reached skill level 21 in Fighting
 43642 | Depths:2 | Got a translucent steel amulet
 43680 | Depths:2 | Got a scorched bronze ring
 43688 | Depths:2 | Got a translucent copper ring
 43691 | Depths:2 | Identified the amulet of Pyromania {Spirit +Blink} (You
                  | found it on level 2 of the Depths)
 43694 | Depths:2 | Identified the ring "Raucs" {rPois rF- Str+4 Int+8} (You
                  | found it on level 2 of the Depths)
 43696 | Depths:2 | Identified the cursed ring "Veffirph" {MR+ Str-4} (You
                  | found it on level 2 of the Depths)
 43917 | Depths:2 | Got an ancient bone ring
 43920 | Depths:2 | Identified the ring "Lomy" {rF+ rC+ rN+ Dex-2} (You found
                  | it on level 2 of the Depths)
 44489 | Depths:3 | Found a one-way gate to the infinite horrors of the Abyss.
 45351 | Depths:3 | Found a one-way gate leading to the halls of Pandemonium.
 45367 | Depths:3 | Received a gift from Okawaru
 45598 | Depths:4 | Found a gateway to a ziggurat.
 46078 | Depths:4 | Noticed a golden dragon
 46086 | Depths:4 | Killed a golden dragon
 46225 | Depths:4 | Received a gift from Okawaru
 46269 | Depths:4 | Noticed a juggernaut
 46285 | Depths:4 | Killed a juggernaut
 46782 | Depths:4 | Reached XP level 24. HP: 129/168 MP: 32/32
 47192 | Depths:4 | Identified The Arcane Secrets of Secret Knowledge
 47567 | Depths:4 | Reached skill level 22 in Fighting
 47579 | Depths:4 | Found the +9 sword of Zonguldrok {reap}
 47864 | Depths:4 | Received a gift from Okawaru
 48176 | Depths:5 | Entered Level 5 of the Depths
 48227 | Depths:5 | Received a gift from Okawaru
 48277 | Depths:5 | Noticed an ancient lich
 48298 | Depths:5 | Killed an ancient lich
 48435 | Depths:5 | Identified the Collected Works on Dark Arts
 48501 | Depths:5 | Found a gate to the Realm of Zot.
 48522 | Depths:5 | Received a gift from Okawaru
 48777 | Depths:5 | Found a runed translucent door.
 48803 | Depths:5 | Noticed Fylyssy's ghost (master KoEn)
 49033 | Depths:5 | Reached XP level 25. HP: 170/175 MP: 32/32
 49068 | Depths:5 | Reached skill level 23 in Fighting
 49270 | Depths:5 | Killed Fylyssy's ghost
 49818 | Depths:5 | Gained mutation: Your body sometimes deteriorates upon
                  | taking damage. [a cacodemon]
 50421 | Vaults:5 | Entered Level 5 of the Vaults
 50435 | Vaults:5 | Received a gift from Okawaru
 50435 | Vaults:5 | Received a gift from Okawaru
 50437 | Vaults:5 | Received a gift from Okawaru
 50927 | Vaults:5 | Reached skill level 24 in Fighting
 50945 | Vaults:5 | Reached XP level 26. HP: 152/184 MP: 31/32
 51162 | Vaults:5 | Identified the +18 crystal plate armour of the Wasteland
                  | {rF+ rN+}
 51242 | Vaults:5 | Received a gift from Okawaru
 51542 | Vaults:5 | Identified the +8 rapier of Dominance {protect, *Contam
                  | rF++ Str+6}
 51702 | Vaults:5 | Reached skill level 1 in Crossbows
 51988 | Vaults:5 | Identified the Incunabulum of Enthralling Calling
 52263 | Vaults:5 | Got a silver rune of Zot
 52438 | Vaults:5 | Got a warped pewter amulet
 52497 | Vaults:5 | Identified the amulet "Posyci" {Inacc rN+ Int+3} (You found
                  | it on level 5 of the Vaults)
 52499 | Vaults:5 | Identified the amulet "Seny" {Faith +Fly rF+++ rN+ Str-2}
                  | (You found it on level 5 of the Vaults)
 53081 | Elf:1    | Entered Level 1 of the Elven Halls
 53795 | Elf:1    | Reached skill level 5 in Crossbows
 53823 | Elf:1    | Gained mutation: You occasionally shout uncontrollably at
                  | your foes. [a shining eye]
 53897 | Elf:1    | Received a gift from Okawaru
 53898 | Elf:1    | Got a spiked cloak {god gift}
 54002 | Elf:1    | Found a runed translucent gate.
 54002 | Elf:1    | Found a runed translucent gate.
 54002 | Elf:1    | Found a runed translucent gate.
 54002 | Elf:1    | Found a runed translucent gate.
 54002 | Elf:1    | Found a runed translucent gate.
 54003 | Elf:1    | Found a runed translucent gate.
 54157 | Elf:1    | Lost mutation: Armour fits poorly on your strangely shaped
                  | body. [potion of mutation]
 54157 | Elf:1    | Lost mutation: Your body sometimes deteriorates upon taking
                  | damage. [potion of mutation]
 54157 | Elf:1    | Gained mutation: You can translocate small distances at
                  | will. [potion of mutation]
 54157 | Elf:1    | Gained mutation: You are somewhat resistant to further
                  | mutation. [potion of mutation]
 54458 | Elf:1    | Identified the +0 cloak of the Albatross {rElec Int-4
                  | Dex+4} (Okawaru gifted it to you on level 1 of the Elven
                  | Halls)
 54564 | Elf:2    | Reached XP level 27. HP: 192/192 MP: 29/32
 54656 | Elf:2    | Found a runed translucent gate.
 54656 | Elf:2    | Found a runed translucent gate.
 54661 | Elf:2    | Found a runed translucent gate.
 55580 | Elf:3    | Entered Level 3 of the Elven Halls
 57280 | Elf:3    | Reached skill level 25 in Fighting
 57390 | Elf:3    | Received a gift from Okawaru
 57508 | Elf:3    | Identified the Reference Book on Beguiling and Toxins
 57523 | Elf:3    | Identified the Catalogue of Shifting Arcane Weapons
 57531 | Elf:3    | Identified the Disquisition on the Glacier and Earth
 57537 | Elf:3    | Got a scintillating lead amulet
 57546 | Elf:3    | Got an ancient bronze ring
 57549 | Elf:3    | Identified the ring "Fasif" {rN+ Str+6 Int+3 Stlth+} (You
                  | found it on level 3 of the Elven Halls)
 57553 | Elf:3    | Identified the amulet "Rueff" {Inacc rF+++ rN+ MP-9} (You
                  | found it on level 3 of the Elven Halls)
 57894 | Slime:1  | Entered Level 1 of the Pits of Slime
 58096 | Slime:1  | Received a gift from Okawaru
 58140 | Slime:1  | Got a masterwork helmet {god gift}
 58143 | Slime:1  | Identified the +2 helmet of the Sun {Harm} (Okawaru gifted
                  | it to you on level 1 of the Pits of Slime)
 59230 | Slime:2  | Reached skill level 10 in Crossbows
 61360 | Slime:5  | Entered Level 5 of the Pits of Slime
 62278 | Slime:5  | Noticed the Royal Jelly
 63281 | Slime:5  | Killed the Royal Jelly
 63281 | Slime:5  | Received a gift from Okawaru
 63306 | Slime:4  | HP: 8/193 [azure jelly[the Royal Jelly] (2)]
 64384 | Slime:5  | Got a slimy rune of Zot
 64394 | Slime:5  | Got a pair of smoking boots
 64402 | Slime:5  | Identified the cursed +0 pair of boots of Untruth {Dex+4}
                  | (You found it on level 5 of the Pits of Slime)
 64426 | Slime:5  | Got a bound marble ring
 64432 | Slime:5  | Identified the cursed ring "Pihych" {Str-4 Dex+6} (You
                  | found it on level 5 of the Pits of Slime)
 64440 | Slime:5  | Identified the Grimoire of Weightlessness
 64521 | Slime:5  | Got a crude steel ring
 64703 | Slime:5  | Identified the ring "Nicviana" {rC+ rN+ Int+5 Dex+8 Slay-3}
                  | (You found it on level 5 of the Pits of Slime)
 65103 | Pan      | Entered Pandemonium
 65237 | Pan      | Noticed Uptoj the pandemonium lord
 65252 | Pan      | Killed Uptoj the pandemonium lord
 65430 | Pan      | Got a demonic rune of Zot
 65433 | Pan      | Entered the realm of Cerebov.
 65433 | Pan      | Identified the +6 sword of Cerebov {flame}
 65433 | Pan      | Noticed Cerebov
 65503 | Pan      | Killed Cerebov
 65533 | Pan      | HP: 9/193 [balrug/fireball (3)]
 65533 | Pan      | HP: 4/193 [balrug/bolt of fire (5)]
 65534 | Pan      | Killed from afar by a balrug

Illustrated notes

Levels and vault maps discovered:
D:1:      scummos_arrival_hexagon, layout_basic, lemuel_old_faithful
D:2:      layout_rooms, chequers_ecumenical_altar_lobes, uniq_sigmund
D:3:      kb_forest_paths, layout_loops_corners, uniq_crazy_yiuf_cottage,
          uniq_natasha
D:4:      layout_loops_ring, serial_shops, nicolae_shop_behind_doors,
          uniq_duvessa, uniq_grinder
D:5:      layout_loops_ring, kennysheep_mini_moat, led_sif_book,
          lemuel_coloured_pillars_altar, gammafunk_ghost_grave,
          grunt_ministairs_2, abandoned_shop, minivault_26
D:6:      layout_rooms, minmay_temple_entry_enclosed_plants, st_stairs_8
D:7:      layout_basic, evilmike_ruin_ashenzari
D:8:      layout_cave_pools, kennysheep_ying_yang, overflow_temple_1_default,
          overflow_temple_1_default, minivault_19, minmay_ruined_shrine,
          uniq_gastronok
D:9:      layout_irregular_city, minmay_lair_entry_grove
D:10:     layout_loops_ring, david_orc_3, minivault_25
D:11:     layout_basic, serial_shops, shop
D:12:     layout_small_grid, serial_shops, nicolae_shop_stone,
          gauntlet_entry_generic, evilmike_butchery
D:13:     layout_basic, serial_shops, freezing_bzr
D:14:     layout_rooms, hangedman_vaults_entry_quadrant_bands,
          hangedman_abyss_or_decor_clamps
D:15:     hangedman_depths_entry_try_elsewhere_first, layout_irregular_city,
          minmay_misc_feat_tiny, hangedman_decor_clover_reticule
Temple:   regret_index_temple_waves
Lair:1:   layout_cave_pods
Lair:2:   wander_river, layout_layer_cave, guppyfry_snake_entry_island
Lair:3:   layout_layer_cave, beast_lair_carwin_2, uniq_nergalle
Lair:4:   layout_gridlike, minmay_swamp_entry_worms, grunt_megastairs_4
Lair:5:   layout_loops_ring, beast_lair_carwin_9, uniq_kirke
Lair:6:   minmay_lair_end_enchanted_forest, layout_cave_pods, slime_dummy,
          chequers_serial_rivers_room_b, lookout_lair_type, uniq_josephine,
          uniq_nessos
Swamp:1:  gammafunk_its_a_trap, layout_falls_marsh,
          portal_ice_cave_entry_dragon, infiniplex_staircase_pool
Swamp:2:  layout_basic_swamp, evilmike_swamp_ruin_house_1, swamp_pool3
Swamp:3:  layout_basic_swamp, evilmike_swamp_ruin_house_5
Swamp:4:  grunt_swamp_rune_castle, layout_basic_swamp,
          gammafunk_ghost_hydra_chop, swamp_pool3
Snake:1:  kennysheep_snake, layout_misc_corridors, minmay_snake_pond,
          uniq_frances, uniq_aizul, uniq_louise
Snake:2:  layout_onion, nicolae_coiled_stairwell_up
Snake:3:  layout_onion_interference, serial_shops, nicolae_shop_trees
Snake:4:  minmay_snake_end_coiled, layout_onion, minmay_shop_grove
Slime:1:  layout_caves
Slime:2:  layout_caves, nicolae_slime_barrier
Slime:3:  layout_caves
Slime:4:  layout_caves, nicolae_slime_phagocytosis
Slime:5
Orc:1:    layout_diamond_mine, enter_bailey_6
Orc:2:    st_orc_town, layout_caves
Elf:1:    minmay_elf_arrival_summoners, layout_geoelf_diagonals, orc_legates
Elf:2:    layout_onion_city
Elf:3:    elf_hall_gauntlet_narrow, layout_geoelf_diagonals
Vaults:1: vaults_mumra_hex, nicolae_vaults_network_square,
          vaults_standard_mumra_enter_the_diamond, grunt_vaults_focal,
          nicolae_vaults_circle_grid_b, v_misc_4,
          vaults_room_grunt_arrival_ludios, vaults_room_guarded_vault,
          nicolae_vaults_windows_and_doors_thing, layout_vaults_ring
Vaults:2: v_alt_pattern_6, nicolae_vaults_border_crossing,
          hangedman_vaults_stream, v_pattern_3, nicolae_vaults_circle_grid_a,
          v_misc_11, ontoclasm_vaults_ligature, nicolae_vaults_yaktaur_gun_rack,
          vaults_room_pool, layout_vaults_omnigrid
Vaults:3: vaults_dpeg_hooks, minmay_crypt_entry_simple_box, v_pattern_1,
          nicolae_vaults_sealed_display, ontoclasm_vaults_tryst,
          nicolae_vaults_twisting_passages, v_misc_16, grunt_vaults_bifocal,
          ontoclasm_vaults_ring_large, grunt_vaults_hallway_short, v_misc_30,
          layout_vaults_omnibox
Vaults:4: ebering_vaults_ghost_xom, vaults_room_semicircle,
          nicolae_vaults_little_squares_3, vaults_room_stairs_pillars,
          hangedman_vaults_snaps, nicolae_vaults_little_squares_4, v_misc_18,
          ontoclasm_vaults_shout, nicolae_vaults_diagonal_hallway_8,
          hangedman_vaults_hat, vaults_room_hallway, grunt_vaults_swirl,
          ontoclasm_vaults_idyll, layout_vaults_maze, serial_shops,
          nicolae_shop_trees
Vaults:5
Depths:1: layout_cave_pools, pf_vacation_house_of_asmodeus, serial_shops,
          kennysheep_mini, minmay_misc_feat_roman, grunt_tower_of_power,
          uniq_mara
Depths:2: radiant_caverns_a_rkd, hell_entry
Depths:3: minmay_angry_zag, layout_cave_pools, rand_demon_pan_entry_9,
          hell_entry, abyss_entry_crystal, wad_floor_pattern_2,
          kennysheep_potato
Depths:4: minmay_the_grid_net [minmay_the_grid_tiny_cups,
          minmay_the_grid_outer_diamond, minmay_the_grid_stretched_grid,
          minmay_the_grid_gridbox, minmay_the_grid_large_cup,
          minmay_the_grid_prize_trominoes], layout_long_grid, enter_ziggurat_d,
          abyss_entry, minmay_door_square, hell_entry, grunt_pan_entry_sceptre,
          minmay_guarded_unrand_zonguldrok
Depths:5: grunt_zot_entry_funnels, layout_long_grid, rand_demon_pan_entry_8,
          hell_entry, muffindrake_ghost_dead_mans_drink, nicolae_lava_and_water,
          special_room [special_room_morgue], chequers_serial_rivers_micro_c,
          serial_sigils_hangedman_confine
Pan:      rand_demon_3, layout_gridlike, rand_demon_2, layout_irregular_city,
          evilmike_cerebov_lava, layout_rooms

Skill      XL: |  1  2  3  4  5  6  7  8  9 10 11 12 13 14 15 16 17 18 19 20 21 22 23 24 25 26 27 |
---------------+----------------------------------------------------------------------------------+-----
Fighting       | 4 5 6 8 9 10 11 13 14 15 16 17 18 19 20 21 22 24 25 | 25.5
Maces & Flails | 3 4 5 8 9 11 12 13 14 15 16 17 18 19 21 | 21.6
Armour         | 4 5 7 8 9 10 11 13 14 15 16 17 18 19 20 21 22 23 24 | 24.2
Shields        | 4 5 7 9 12 14 16 17 19 20 21 22 23 | 23.5
Invocations    | 3 5 7 9 11 12 13 | 13.0
Evocations     | 5 7 |  7.0
Crossbows      | 6 12 | 12.3

Action                   |  1- 3 |  4- 6 |  7- 9 | 10-12 | 13-15 | 16-18 | 19-21 | 22-24 | 25-27 || total
-------------------------+-------+-------+-------+-------+-------+-------+-------+-------+-------++-------
Melee: Flail             |   144 |   209 |   234 |       |       |       |       |       |       ||   587
       Unarmed           |       |     6 |       |       |       |       |       |       |       ||     6
       Whip              |       |       |   154 |       |       |       |       |       |       ||   154
       Demon whip        |       |       |    86 |   531 |  1429 |  1366 |  1516 |  1716 |  2418 ||  9062
 Fire: Arbalest          |       |       |       |       |       |       |       |       |    11 ||    11
Invok: Heroism           |       |       |       |     1 |     9 |    17 |    16 |    18 |    24 ||    85
       Finesse           |       |       |       |       |     1 |     3 |     4 |     3 |     7 ||    18
 Abil: Fly               |       |       |       |       |     1 |       |       |     1 |     1 ||     3
       Stop Flying       |       |       |       |       |       |       |     1 |     1 |       ||     2
       Blink             |       |       |       |       |       |       |       |       |     1 ||     1
  Use: Scroll            |       |     3 |    10 |    11 |    14 |    12 |     4 |     8 |    20 ||    82
       Potion            |       |       |       |     1 |       |       |       |     1 |     7 ||     9
 Stab: Confused          |       |       |       |       |       |       |     3 |     2 |       ||     5
       Distracted        |       |       |       |       |       |       |     1 |       |       ||     1
Armor: Chain mail        |    47 |       |       |       |   102 |       |       |       |       ||   149
       Plate armour      |    80 |   140 |   233 |   212 |   255 |   402 |   497 |   113 |       ||  1932
       Skin              |       |     1 |       |       |       |       |       |       |       ||     1
       Crystal plate arm |       |       |       |       |       |    78 |       |   306 |   942 ||  1326
Dodge: Dodged            |    32 |    40 |    83 |   129 |   251 |   139 |   180 |   186 |   316 ||  1356
Block: Kite shield       |    91 |   104 |   381 |   371 |   886 |   101 |       |       |       ||  1934
       Reflection        |       |       |     8 |     8 |    64 |   105 |   134 |    48 |   136 ||   503
       Tower shield      |       |       |       |       |       |  1119 |  1397 |  1425 |  2216 ||  6157
       Other             |       |       |       |       |       |       |       |       |     6 ||     6

Table legend: (Time is in decaauts)
 A = Elapsed time spent in this place.
 B = Non-inter-level travel time spent in this place.
 C = Inter-level travel time spent in this place.
 D = Time resting spent in this place.
 E = Time spent auto-exploring this place.
 F = Levels seen in this place.
 G = Mean time per level.
                   A        B        C        D        E       F      G
               +--------+--------+--------+--------+--------+-----+--------+
         Total |  61492 |  57393 |   4099 |   9211 |  34167 |  57 | 1078.8 |
       Dungeon |  14957 |  13692 |   1265 |   1663 |   8961 |  15 |  997.1 |
        Temple |    127 |     74 |     53 |      0 |     68 |   1 |  127.0 |
          Lair |   6781 |   5959 |    822 |    363 |   4305 |   6 | 1130.2 |
         Swamp |   3979 |   3862 |    117 |    830 |   2112 |   4 |  994.8 |
     Snake Pit |   4750 |   4583 |    167 |    606 |   2819 |   4 | 1187.5 |
    Slime Pits |   6464 |   6336 |    128 |   2941 |   2127 |   5 | 1292.8 |
  Orcish Mines |   1543 |   1469 |     74 |     78 |    962 |   2 |  771.5 |
   Elven Halls |   4249 |   3944 |    305 |    453 |   2280 |   3 | 1416.3 |
        Vaults |   8266 |   7475 |    791 |    495 |   5013 |   5 | 1653.2 |
        Depths |   8483 |   8108 |    375 |   1375 |   4898 |   5 | 1696.6 |
   Pandemonium |    331 |    331 |      0 |    161 |     23 |   3 |  110.3 |
        Bazaar |    126 |    126 |      0 |      0 |    111 |   1 |  126.0 |
        Bailey |    183 |    183 |      0 |      0 |     34 |   1 |  183.0 |
      Ice Cave |    906 |    906 |      0 |    246 |    274 |   1 |  906.0 |
      Gauntlet |    339 |    339 |      0 |      0 |    179 |   1 |  339.0 |
               +--------+--------+--------+--------+--------+-----+--------+

Top non-repeatable levels by time:
 Slime:4: 2651 daAuts
Depths:4: 2466 daAuts
Vaults:1: 2020 daAuts
   Elf:3: 1941 daAuts
Vaults:5: 1841 daAuts
Depths:2: 1734 daAuts
Vaults:2: 1700 daAuts
 Snake:1: 1695 daAuts
Depths:5: 1670 daAuts
  Lair:6: 1527 daAuts
     D:3: 1481 daAuts
Vaults:4: 1463 daAuts
    D:15: 1413 daAuts
 Snake:4: 1396 daAuts
Depths:3: 1375 daAuts
